Map: Catalyst LE

Players

Infamous

  • Race: Protoss Protoss
  • League: Silver
  • Spawn Location: 5:00

ElÑa - Winner!

  • Race: Terran Terran
  • League: Gold
  • Spawn Location: 11:00

VOD

Have the link to the VOD?

Description

Time

  • Played on: April 10, 2018, 12:13 p.m.
  • Length: 17:17
Show
View Real Time Build Order
Export as new Build Order

Infamous Protoss 

Build Orders:  

Get SALT Encoding   

  12  0:01  Probe  
  13  0:14  Pylon  
  13  0:18  Probe (Chrono Boost)  
  14  0:28  Probe (Chrono Boost)  
  15  0:36  Gateway  
  15  0:39  Probe  
  16  0:52  Probe  
  16  0:54  Assimilator  
  17  1:05  Probe  
  17  1:09  Gateway  
  18  1:17  Probe  
  19  1:33  Cybernetics Core  
  19  1:37  Probe  
  20  1:41  Assimilator  
  20  1:52  Probe  
  20  1:53  Pylon  
  21  2:04  Probe  
  22  2:09  Stalker (Chrono Boost)  
  22  2:10  Stalker (Chrono Boost)  
  22  2:14  Warp Gate  
  26  2:18  Probe  
  26  2:33  Probe, Robotics Facility  
  27  2:39  Stalker  
  29  2:50  Probe  
  30  3:11  Pylon  
  30  3:22  Probe  
  31  3:28  Stalker (Chrono Boost)  
  31  3:29  Observer  
  34  3:35  Pylon  
  34  3:40  Nexus  
  34  3:55  Probe  
  35  4:07  Probe  
  35  4:08  Immortal  
  40  4:12  Pylon  
  40  4:19  Probe  
  41  4:34  Probe  
  42  4:45  Gateway  
  42  4:46  Gateway  
  42  4:48  Gateway  
  41  5:07  Gateway  
  41  5:08  Gateway  
  41  5:15  Gateway  
  41  5:24  Probe x2  
  41  5:27  Immortal  
  47  5:29  Sentry  
  47  5:30  Sentry  
  51  5:41  Twilight Council  
  51  5:48  Pylon  
  51  5:56  Stalker  
  53  5:57  Stalker  
  53  5:59  Stalker  
  53  6:04  Stalker  
  59  6:12  Probe x2 (Chrono Boost)  
  61  6:21  Probe (Chrono Boost)  
  59  6:46  Zealot  
  59  6:47  Zealot x3  
  67  7:02  Blink (Chrono Boost)  
  67  7:03  Forge  
  67  7:06  Probe x2, Forge  
  69  7:11  Assimilator  
  69  7:13  Assimilator  
  67  7:51  Immortal  
  43  8:28  Stalker x3  
  43  8:29  Immortal (Chrono Boost), Stalker x5  
  59  8:36  Probe x2  
  59  8:40  Protoss Ground Weapons Level 1 (Chrono Boost), Protoss Ground Armor Level 1 (Chrono Boost)  
  61  8:48  Probe x2  
  63  8:54  Sentry  
  65  8:55  Zealot  
  65  8:56  Zealot  
  69  9:12  Pylon  
  69  9:14  Probe  
  70  9:30  Probe, Immortal  
  75  9:40  Pylon  
  75  9:42  Pylon  
  69  9:50  Pylon  
  65  9:53  Pylon  
  65  9:56  Pylon  
  57  10:02  Stalker x3  
  57  10:03  Zealot x3  
  69  10:09  Observer  
  59  10:25  Stalker x2  
  59  10:26  Stalker  
  65  10:40  Pylon  
  65  10:51  Immortal  
  69  10:58  Probe (Chrono Boost)  
  67  11:35  Stalker x3  
  67  11:37  Sentry  
  75  11:59  Photon Cannon  
  75  12:02  Probe  
  75  12:06  Photon Cannon  
  75  12:27  Probe (Chrono Boost)  
  75  12:28  Probe (Chrono Boost)  
  75  12:29  Photon Cannon  
  77  12:40  Probe (Chrono Boost)  
  77  12:41  Probe (Chrono Boost)  
  79  12:48  Probe (Chrono Boost)  
  66  13:39  Probe x2  
  64  13:42  Stalker  
  64  13:43  Stalker x4  
  64  13:44  Stalker x3  
  37  14:15  Stalker x3  
  37  14:16  Stalker  
  33  14:17  Sentry x2  
  37  14:37  Probe (Chrono Boost)  
  38  14:48  Probe (Chrono Boost)  
  39  15:09  Immortal (Chrono Boost)  
  43  15:24  Stalker  
  31  15:41  Immortal  
  31  15:42  Zealot x2  
  31  15:50  Stalker  
  33  16:12  Probe (Chrono Boost)  
  33  16:15  Sentry  
  33  16:17  Probe (Chrono Boost)  
  37  16:22  Probe (Chrono Boost)  
  39  16:26  Probe (Chrono Boost)  
  39  16:53  Probe (Chrono Boost)  
  41  16:56  Probe (Chrono Boost)  
Show
View Real Time Build Order
Export as new Build Order

ElÑa Terran - Winner!

Build Orders:  

Get SALT Encoding   

  12  0:01  SCV  
  13  0:14  SCV  
  14  0:24  Supply Depot  
  14  0:26  SCV  
  15  0:39  Refinery  
  15  0:45  SCV  
  15  0:48  Barracks  
  16  0:58  SCV  
  17  1:08  Refinery  
  17  1:10  SCV  
  18  1:27  SCV  
  19  1:37  Supply Depot  
  19  1:38  Marine  
  20  1:50  Orbital Command  
  20  1:56  Factory  
  20  2:01  Marine  
  21  2:20  SCV  
  22  2:25  Supply Depot  
  22  2:34  Barracks Reactor  
  22  2:40  Factory Reactor  
  22  2:41  Supply Depot  
  22  2:42  Starport  
  22  2:46  SCV  
  24  2:58  SCV  
  24  3:10  SCV  
  25  3:14  Marine x2  
  27  3:20  Starport Reactor  
  27  3:22  Hellion x2  
  31  3:31  Marine  
  31  3:32  Marine  
  33  3:49  Marine x2  
  35  3:58  Medivac x2  
  39  4:14  Supply Depot  
  39  4:35  Marine x2, Cyclone x2  
  47  4:40  Factory  
  47  4:41  Supply Depot  
  47  4:53  Marine  
  47  5:03  Marine  
  47  5:06  Supply Depot  
  48  5:11  Marine  
  49  5:17  Medivac x2  
  53  5:26  Supply Depot  
  53  5:28  Cyclone x2  
  59  5:36  Factory Tech Lab  
  59  5:46  Command Center  
  59  6:02  Marine x2  
  61  6:07  Siege Tank  
  64  6:19  Marine x2  
  53  7:00  Supply Depot  
  53  7:25  Siege Tank  
  53  7:26  Cyclone x2  
  62  7:32  Orbital Command  
  62  7:38  SCV  
  63  7:50  SCV  
  52  8:02  SCV  
  37  8:14  SCV  
  37  8:18  Orbital Command  
  37  8:19  Liberator x2  
  28  8:21  Marine x2  
  28  8:25  Cyclone x2  
  28  8:26  SCV  
  36  8:39  Marine x2  
  44  8:42  Siege Tank  
  44  8:46  SCV  
  48  8:57  Marine x2  
  48  8:58  SCV  
  51  9:10  Cyclone x2  
  51  9:11  SCV  
  51  9:15  Marine x2  
  60  9:23  SCV  
  61  9:32  Marine x2, Siege Tank  
  61  9:35  SCV  
  63  9:50  Marine x2  
  52  10:08  Marine x2  
  54  10:25  SCV x2  
  56  10:33  Siege Tank  
  59  10:37  SCV x2  
  61  10:44  Refinery  
  61  10:48  Refinery  
  61  10:49  SCV x2  
  63  11:01  SCV  
  63  11:02  SCV  
  65  11:05  Siege Tank  
  68  11:12  Liberator x2  
  68  11:13  SCV  
  68  11:14  SCV  
  67  11:27  Marine x2  
  75  11:44  Marine x2  
  77  12:02  Marine x2  
  77  12:08  Command Center  
  79  12:20  Marine x2  
  81  12:34  Supply Depot  
  81  12:35  Supply Depot x2  
  81  12:37  Supply Depot  
  81  12:38  Marine x2  
  83  12:45  Medivac  
  83  12:46  Medivac  
  83  12:48  Cyclone x2  
  93  12:56  Marine x2, Siege Tank  
  98  13:02  Supply Depot  
  98  13:04  Supply Depot x2  
  98  13:09  Engineering Bay  
  92  13:13  Marine  
  92  13:14  Marine  
  92  13:15  Medivac  
  92  13:16  Medivac  
  85  13:27  Supply Depot  
  85  13:28  Supply Depot, Siege Tank  
  85  13:31  Marine x2  
  85  13:34  Supply Depot  
  77  13:51  Supply Depot  
  75  14:00  Siege Tank  
  62  14:10  Marine x2  
  62  14:13  Orbital Command  
  62  14:15  SCV, Engineering Bay  
  63  14:27  Marine, SCV  
  63  14:28  Marine, Command Center  
  66  14:39  SCV  
  66  14:45  Marine x2  
  67  14:51  SCV  
  70  15:03  Marine x2, SCV  
  73  15:23  Marine  
  73  15:24  Marine  
  73  15:26  Siege Tank  
  78  15:28  Cyclone x2  
  78  15:41  Marine x2  
  72  15:58  Siege Tank  
  72  15:59  Marine x2  
  72  16:00  Cyclone  
  72  16:01  Cyclone  
  82  16:15  Barracks x2  
  82  16:17  Marine x2  
  82  16:18  Supply Depot  
  84  16:19  Supply Depot  
  84  16:21  Orbital Command  
  84  16:31  Siege Tank  
  87  16:41  Supply Depot  
  87  16:42  Supply Depot  
  87  16:51  Refinery  
  87  16:55  Refinery  
  87  16:57  Refinery  
  87  17:00  Refinery  
  87  17:04  Supply Depot  
  87  17:06  Supply Depot  
Tags
 
Matchup
PvT
Replay Pack
Last Remnant (2)
Spawn Locations
Cross Positions
Add a new tag
Caveats
  • Supply blocks, unpowered buildings, or Contaminate may cause inaccurate times.
  • Supply counts are checked every 10 seconds.